Workbook

Sheet MAT. COMPLEM. EXPOS. ALM NAVIDA
A1: ANEXO IX B MATERIALES COMPLEMENTARIOS EXPOSITOR
A2: ESTIMACION ALMONEDA NAVIDAD (No licitables)
A3: ARTICULO | B3: Cantidad | C3: Precios iva excluido | E3: Total
A4: TABIQUE AGLOMERADO DE 100 mm DE GROSOR | B4: =54-15 -> 39 | C4: 51.14 | D4: €/ml. | E4: =B4*C4 -> 1994.46
A5: PANEL AGLOMERADO DE 19mm DE GROSOR | B5: 21 | C5: 41.19 | D5: €/ml. | E5: =B5*C5 -> 864.99
A6: VIGA SUPLEMENTARIA | B6: 70 | C6: 6.57 | D6: €/ml. | E6: =B6*C6 -> 459.9
A7: PUERTA DE MADERA DE UNA HOJA | B7: 10 | C7: 82.43 | D7: €/ud. | E7: =B7*C7 -> 824.3
A8: PODIUM DE MADERA ENMOQUETADO 0.50x0.5x1.00 m | B8: 18 | C8: 53.59 | D8: €/ud. | E8: =B8*C8 -> 964.62
A9: PODIUM PINTADO 0.50x0.50x1.00 m | B9: 6 | C9: 46.18 | D9: €/ud. | E9: =B9*C9 -> 277.08
A10: TAPIZADO DE PAREDES | B10: 25 | C10: 9.28 | D10: €/m2. | E10: =B10*C10 -> 232
A11: ENTRAMADO DE TECHO | B11: 57 | C11: 12.35 | D11: €/m2. | E11: =B11*C11 -> 703.95
A12: ROTULOS ESTANDAR HASTA 20 LETRAS | B12: 12 | C12: 20.21 | D12: €/ud. | E12: =B12*C12 -> 242.52
A13: FOCO LED EN CARRIL | B13: 17 | C13: 39.53 | D13: €/ud. | E13: =B13*C13 -> 672.01
A14: FOCO LED CON BRAZO | B14: 85 | C14: 45.46 | D14: €/ud. | E14: =B14*C14 -> 3864.1
A15: BASE DE ENCHUFE CUADRUPLE HASTA 500 watt. (CUADRO NO INCLUIDO) | B15: 26 | C15: 48.51 | D15: €/ud. | E15: =B15*C15 -> 1261.26
A16: M2 MOQUETA (CAMBIO DE COLOR) | B16: 215 | C16: 2.4 | D16: €/ud. | E16: =B16*C16 -> 516
A17: M2 PINTURA (CAMBIO DE COLOR) | B17: 390 | C17: 2.87 | D17: €/ud. | E17: =B17*C17 -> 1119.3
A18: MATERIALES COMPLEMENTARIOS PARA EXPOSITOR A MEDIDA Y BAJO PRESUPUESTO | E18: =15*C4 -> 767.1
A19: ESTIMACIÓN MATERIALES COMPLEMENTARIOS POR EDICIÓN IVA EXCLUIDO (NO ES OBJETO DE LICITACIÓN) | E19: =SUM(E4:E18) -> 14763.59
A20: Nº EDICIONES ESTIMADAS DEL CERTAMEN | E20: 2
A21: TOTAL ESTIMACIÓN MATERIALES COMPLEMENTARIOS IVA EXCLUIDO (NO ES OBJETO DE LICITACIÓN) (1) | E21: =E19*E20 -> 29527.18

Sheet MAT. COMPLEM. EXPOSITOR ALMONED
A1: ANEXO IX B MATERIALES COMPLEMENTARIOS EXPOSITOR
A2: ESTIMACION ALMONEDA (No licitables)
A3: ARTICULO | B3: Cantidad | C3: Precios iva excluido | E3: Total
A4: TABIQUE AGLOMERADO DE 100 mm DE GROSOR | B4: =186-15 -> 171 | C4: 51.14 | D4: €/ml. | E4: =C4*B4 -> 8744.94
A5: PANEL AGLOMERADO DE 19mm DE GROSOR | B5: 134 | C5: 41.19 | D5: €/ml. | E5: =C5*B5 -> 5519.46
A6: VIGA SUPLEMENTARIA | B6: 80 | C6: 6.57 | D6: €/ml. | E6: =C6*B6 -> 525.6
A7: PUERTA DE MADERA DE UNA HOJA | B7: 40 | C7: 82.43 | D7: €/ud. | E7: =C7*B7 -> 3297.2
A8: PODIUM DE MADERA ENMOQUETADO 0.50x0.5x1.00 m | B8: 16 | C8: 53.59 | D8: €/ud. | E8: =C8*B8 -> 857.44
A9: PODIUM PINTADO 0.50x0.50x1.00 m | B9: 12 | C9: 46.18 | D9: €/ud. | E9: =C9*B9 -> 554.16
A10: TAPIZADO DE PAREDES | B10: 84 | C10: 9.28 | D10: €/m2. | E10: =C10*B10 -> 779.52
A11: ENTRAMADO DE TECHO | B11: 57 | C11: 12.35 | D11: €/m2. | E11: =C11*B11 -> 703.95
A12: ROTULOS ESTANDAR HASTA 20 LETRAS | B12: 34 | C12: 20.21 | D12: €/ud. | E12: =C12*B12 -> 687.14
A13: FOCO LED EN CARRIL | B13: 34 | C13: 39.53 | D13: €/ud. | E13: =C13*B13 -> 1344.02
A14: FOCO LED CON BRAZO | B14: 154 | C14: 52.6 | D14: €/ud. | E14: =C14*B14 -> 8100.4
A15: BASE DE ENCHUFE CUADRUPLE HASTA 500 watt. (CUADRO NO INCLUIDO) | B15: 51 | C15: 48.51 | D15: €/ud. | E15: =C15*B15 -> 2474.01
A16: M2 MOQUETA (CAMBIO DE COLOR) | B16: 261 | C16: 2.4 | D16: €/ud. | E16: =C16*B16 -> 626.4
A17: M2 PINTURA (CAMBIO DE COLOR) | B17: 852 | C17: 2.87 | D17: €/ud. | E17: =C17*B17 -> 2445.24
A18: MATERIALES COMPLEMENTARIOS PARA EXPOSITOR A MEDIDA Y BAJO PRESUPUESTO | E18: =15*C4 -> 767.1
A19: ESTIMACIÓN MATERIALES COMPLEMENTARIOS POR EDICIÓN IVA EXCLUIDO (NO ES OBJETO DE LICITACIÓN) | E19: =SUM(E4:E18) -> 37426.58
A20: Nº EDICIONES ESTIMADAS DEL CERTAMEN | E20: 2
A21: TOTAL ESTIMACIÓN MATERIALES COMPLEMENTARIOS IVA EXCLUIDO (NO ES OBJETO DE LICITACIÓN) (2) | E21: =E19*E20 -> 74853.16

Sheet MAT. COMPLEM. EXPOSITOR FERIART
A1: ANEXO IX B MATERIALES COMPLEMENTARIOS EXPOSITOR
A2: ESTIMACION FERIARTE (No licitables)
A3: ARTICULO | B3: Cantidad | C3: Precios iva excluido | E3: Total
A4: TABIQUE AGLOMERADO DE 100 mm DE GROSOR | B4: =468-15 -> 453 | C4: 51.14 | D4: €/ml. | E4: =B4*C4 -> 23166.42
A5: PANEL AGLOMERADO DE 19mm DE GROSOR | B5: 185 | C5: 41.19 | D5: €/ml. | E5: =B5*C5 -> 7620.15
A6: VIGA SUPLEMENTARIA | B6: 104 | C6: 6.57 | D6: €/ml. | E6: =B6*C6 -> 683.28
A7: PUERTA DE MADERA DE UNA HOJA | B7: 96 | C7: 82.43 | D7: €/ud. | E7: =B7*C7 -> 7913.28
A8: PODIUM DE MADERA ENMOQUETADO 0.50x0.5x1.00 m | B8: 25 | C8: 53.59 | D8: €/ud. | E8: =B8*C8 -> 1339.75
A9: PODIUM PINTADO 0.50x0.50x1.00 m | B9: 14 | C9: 46.18 | D9: €/ud. | E9: =B9*C9 -> 646.52
A10: TAPIZADO DE PAREDES | B10: 84 | C10: 9.28 | D10: €/m2. | E10: =B10*C10 -> 779.52
A11: ENTRAMADO DE TECHO | B11: 57 | C11: 12.35 | D11: €/m2. | E11: =B11*C11 -> 703.95
A12: ROTULOS ESTANDAR HASTA 20 LETRAS | B12: 34 | C12: 20.21 | D12: €/ud. | E12: =B12*C12 -> 687.14
A13: FOCO LED EN CARRIL | B13: 52 | C13: 39.53 | D13: €/ud. | E13: =B13*C13 -> 2055.56
A14: FOCO LED CON BRAZO | B14: 162 | C14: 45.46 | D14: €/ud. | E14: =B14*C14 -> 7364.52
A15: ENCHUFE MONOFASICO DE 500 watt. (CUADRO NO INCLUIDO) | B15: 78 | C15: 20.21 | D15: €/ud. | E15: =B15*C15 -> 1576.38
A16: BASE DE ENCHUFE CUADRUPLE HASTA 500 watt. (CUADRO NO INCLUIDO) | B16: 85 | C16: 48.51 | D16: €/ud. | E16: =B16*C16 -> 4123.35
... A18: M2 PINTURA (CAMBIO DE COLOR) | B18: 1296 | C18: 2.87 | D18: €/ud. | E18: =B18*C18 -> 3719.52
A19: MATERIALES COMPLEMENTARIOS PARA EXPOSITOR A MEDIDA Y BAJO PRESUPUESTO | E19: =15*C4 -> 767.1
A20: ESTIMACIÓN MATERIALES COMPLEMENTARIOS POR EDICIÓN IVA EXCLUIDO (NO ES OBJETO DE LICITACIÓN) | E20: =SUM(E4:E19) -> 63912.04
A21: Nº EDICIONES ESTIMADAS DEL CERTAMEN | E21: 2
A22: TOTAL ESTIMACIÓN MATERIALES COMPLEMENTARIOS IVA EXCLUIDO (NO ES OBJETO DE LICITACIÓN) (3) | E22: =E20*E21 -> 127824.08

Sheet TOTALES MATERIALES COMPLEMENTAR
A1: ANEXO IX B LOTE 3
A2: MATERIALES COMPLEMENTARIOS EXPOSITOR +IFEMA
B4: Precios unitarios máximos iva excluido | D4: PRECIO UNITARIO OFERTADO PARA EXPOSITOR (a) | E4: PRECIO UNITARIO OFERTADO PARA IFEMA (se aplica un 20 % de descuento del precio para ofertado para expositor) (b) | F4: ESTIMACIÓN UNIDADES EXPOSITOR ( c ) | G4: ESTIMACIÓN UNIDADES IFEMA ( d ) | H4: IMPORTE EXPOSITOR (a) x (c) | I4: IMPORTE IFEMA (b) x ( d )
A6: ARMARIO BAJO 100 x 50 x 60 (MADERA) | B6: 55.91 | C6: €/Ud. | E6: =ROUND(D6-(D6*0.2),2) -> 0 | F6: 0 | G6: 0 | H6: =D6*F6 -> 0 | I6: =E6*G6 -> 0
A7: BANDEROLA (40 x 50 cm.) | B7: 3.61 | C7: €/Ud. | E7: =ROUND(D7-(D7*0.2),2) -> 0 | F7: 0 | G7: 0 | H7: =D7*F7 -> 0 | I7: =E7*G7 -> 0
A8: BASE DE ENCHUFE CUÁDRUPLE HASTA 3500 W CABLE HASTA 10 M (CUADRO NO INCLUIDO) | B8: 6.36 | C8: €/Ud. | E8: =ROUND(D8-(D8*0.2),2) -> 0 | F8: 31 | G8: 0 | H8: =D8*F8 -> 0 | I8: =E8*G8 -> 0
A9: BASE DE ENCHUFE DOBLE HASTA 3500 W CABLE HASTA 10 M (CUADRO NO INCLUIDO) | B9: 4.24 | C9: €/Ud. | E9: =ROUND(D9-(D9*0.2),2) -> 0 | F9: 106 | G9: 6 | H9: =D9*F9 -> 0 | I9: =E9*G9 -> 0
A10: BASE DE ENCHUFE TRIPLE HASTA 3500 W CABLE HASTA 10 M (CUADRO NO INCLUIDO) | B10: 5.31 | C10: €/Ud. | E10: =ROUND(D10-(D10*0.2),2) -> 0 | F10: 39 | G10: 0 | H10: =D10*F10 -> 0 | I10: =E10*G10 -> 0
A11: BASTIDOR DE ALUMINIO | B11: 18.96 | C11: €/Ml. | E11: =ROUND(D11-(D11*0.2),2) -> 0 | F11: 0 | G11: 0 | H11: =D11*F11 -> 0 | I11: =E11*G11 -> 0
A12: BARRA SUPLEMENTARIA ALUMINIO | B12: 3.5 | C12: €/Ml. | E12: =ROUND(D12-(D12*0.2),2) -> 0 | F12: 0 | G12: 0 | H12: =D12*F12 -> 0 | I12: =E12*G12 -> 0
A13: CAMBIO COLOR PINTURA | B13: 3.39 | C13: €/m2 | E13: =ROUND(D13-(D13*0.2),2) -> 0 | F13: 259 | G13: 62 | H13: =D13*F13 -> 0 | I13: =E13*G13 -> 0
A14: CORTINA | B14: 19.18 | C14: €/Ml. | E14: =ROUND(D14-(D14*0.2),2) -> 0 | F14: 0 | G14: 463 | H14: =D14*F14 -> 0 | I14: =E14*G14 -> 0
A15: ENCHUFE MONOFÁSICO HASTA 3.500 W CABLE HASTA 10 M (CUADRO NO INCLUIDO) | B15: 7.63 | C15: €/Ud. | E15: =ROUND(D15-(D15*0.2),2) -> 0 | F15: 346 | G15: 0 | H15: =D15*F15 -> 0 | I15: =E15*G15 -> 0
A16: ENCHUFE TRIFASICO HASTA 9.000 W. DE 10 M DE LONGITUD CON CETAC DE 16 AMPERIOS MACHO Y HEMBRA EN LOS EXTREMOS (CUADRO NO INCLUIDO) | B16: 11.45 | C16: €/Ud. | E16: =ROUND(D16-(D16*0.2),2) -> 0 | F16: 2 | G16: 0 | H16: =D16*F16 -> 0 | I16: =E16*G16 -> 0
A17: ENCHUFE TRIFASICO HASTA 18.000 W. DE 10 M DE LONGITUD CON CETAC DE 32 AMPERIOS MACHO Y HEMBRA EN LOS EXTREMOS (CUADRO NO INCLUIDO) | B17: 17.18 | C17: €/Ud. | E17: =ROUND(D17-(D17*0.2),2) -> 0 | F17: 5 | G17: 1 | H17: =D17*F17 -> 0 | I17: =E17*G17 -> 0
... A41: PANEL AGLOMERADO PINTADO HASTA 2,44 M ALTURA | B41: 33.55 | C41: €/Ml. | E41: =ROUND(D41-(D41*0.2),2) -> 0 | F41: 2 | G41: 87 | H41: =D41*F41 -> 0 | I41: =E41*G41 -> 0
A42: PANEL AGLOMERADO PINTADO HASTA 3,00 M ALTURA | B42: 41.94 | C42: €/Ml. | E42: =ROUND(D42-(D42*0.2),2) -> 0 | F42: =159-15 -> 144 | G42: 2210 | H42: =D42*F42 -> 0 | I42: =E42*G42 -> 0
A43: PANEL AGLOMERADO PINTADO HASTA 3,66 M ALTURA | B43: 50.32 | C43: €/Ml. | E43: =ROUND(D43-(D43*0.2),2) -> 0 | F43: 0 | G43: 143.6 | H43: =D43*F43 -> 0 | I43: =E43*G43 -> 0
A44: PANEL MELAMINADO 1ML | B44: 24.74 | C44: €/Ml. | E44: =ROUND(D44-(D44*0.2),2) -> 0 | F44: 1 | G44: 1068.5 | H44: =D44*F44 -> 0 | I44: =E44*G44 -> 0
A45: PANEL MELAMINADO DE DIFERENTE COLOR | B45: 122.31 | C45: €/Ml. | E45: =ROUND(D45-(D45*0.2),2) -> 0 | F45: 0 | G45: 172 | H45: =D45*F45 -> 0 | I45: =E45*G45 -> 0
A46: PERCHERO EN PARED | B46: 15.1 | C46: €/Ud. | E46: =ROUND(D46-(D46*0.2),2) -> 0 | F46: 0 | G46: 0 | H46: =D46*F46 -> 0 | I46: =E46*G46 -> 0
A47: PODIUM 50 X 50 X 100 | B47: 23.52 | C47: €/Ud. | E47: =ROUND(D47-(D47*0.2),2) -> 0 | F47: 4 | G47: 0 | H47: =D47*F47 -> 0 | I47: =E47*G47 -> 0
A48: PODIUM 50 X 50 X 50 | B48: 21.01 | C48: €/Ud. | E48: =ROUND(D48-(D48*0.2),2) -> 0 | F48: 7 | G48: 0 | H48: =D48*F48 -> 0 | I48: =E48*G48 -> 0
A49: PODIUM 50 X 50 X 75 | B49: 22.25 | C49: €/Ud. | E49: =ROUND(D49-(D49*0.2),2) -> 0 | F49: 9 | G49: 0 | H49: =D49*F49 -> 0 | I49: =E49*G49 -> 0
A50: PODIUM 50X50X100 (MADERA) | B50: 43.98 | C50: €/Ud. | E50: =ROUND(D50-(D50*0.2),2) -> 0 | F50: 5 | G50: 0 | H50: =D50*F50 -> 0 | I50: =E50*G50 -> 0
A51: PODIUM 50X50X50 (MADERA) | B51: 37.71 | C51: €/Ud. | E51: =ROUND(D51-(D51*0.2),2) -> 0 | F51: 5 | G51: 0 | H51: =D51*F51 -> 0 | I51: =E51*G51 -> 0
A52: PODIUM 50X50X75 (MADERA) | B52: 40.26 | C52: €/Ud. | E52: =ROUND(D52-(D52*0.2),2) -> 0 | F52: 4 | G52: 2 | H52: =D52*F52 -> 0 | I52: =E52*G52 -> 0
A53: PUERTA ACRISTALADA CON LLAVE | B53: 78.53 | C53: €/Ud. | E53: =ROUND(D53-(D53*0.2),2) -> 0 | F53: 0 | G53: 0 | H53: =D53*F53 -> 0 | I53: =E53*G53 -> 0
A54: PUERTA DOBLE CON LLAVE | B54: 82.71 | C54: €/Ud. | E54: =ROUND(D54-(D54*0.2),2) -> 0 | F54: 0 | G54: 16 | H54: =D54*F54 -> 0 | I54: =E54*G54 -> 0
... A67: VITRINA 100 X 50 CON LUZ (CONEXIÓN INCLUIDA) | B67: 114.71 | C67: €/Ud. | E67: =ROUND(D67-(D67*0.2),2) -> 0 | F67: 3 | G67: 0 | H67: =D67*F67 -> 0 | I67: =E67*G67 -> 0
A68: MATERIALES COMPLEMENTARIOS PARA EXPOSITOR A MEDIDA Y BAJO PRESUPUESTO (NO LICITABLES) | H68: =15*D42 -> 0
A69: MATERIALES EXPECIFICOS
A70: MOSTRADOR PREMUM (FRUIT-MEAT ATTRACTION) | B70: 82.43 | C70: €/Ud. | E70: =ROUND(D70-(D70*0.2),2) -> 0 | F70: 12 | G70: 0 | H70: =D70*F70 -> 0 | I70: =E70*G70 -> 0
A71: ESTANTERIA PREMIUM ( INCLUIDOS 2 ESTANTES) (FRUIT-MEAT ATTRACTION) | B71: 99.75 | C71: €/Ud. | E71: =ROUND(D71-(D71*0.2),2) -> 0 | F71: 3 | G71: 0 | H71: =D71*F71 -> 0 | I71: =E71*G71 -> 0
A72: MUEBLE EXPOXITOR ESCALONADO (FRUIT ATTATRACTION) | B72: 72.26 | C72: €/Ud. | E72: =ROUND(D72-(D72*0.2),2) -> 0 | F72: 11 | G72: 0 | H72: =D72*F72 -> 0 | I72: =E72*G72 -> 0
A73: MUEBLE EXPOXITOR INCLINADO (FRUIT ATTATRACTION) | B73: 43.33 | C73: €/Ud. | E73: =ROUND(D73-(D73*0.2),2) -> 0 | F73: 31 | G73: 0 | H73: =D73*F73 -> 0 | I73: =E73*G73 -> 0
A74: MUEBLE EXPOXITOR RECTO (FRUIT ATTATRACTION) | B74: 62.84 | C74: €/Ud. | E74: =ROUND(D74-(D74*0.2),2) -> 0 | F74: 13 | G74: 0 | H74: =D74*F74 -> 0 | I74: =E74*G74 -> 0
A75: ALMACEN 100 X 100cm CON PUERTA (MOMAD METRO) | B75: 100 | C75: €/und. | E75: =ROUND(D75-(D75*0.2),2) -> 0 | F75: 0 | G75: 0 | H75: =D75*F75 -> 0 | I75: =E75*G75 -> 0
A76: ALMACEN 200 X 100cm CON PUERTA (MOMAD METRO) | B76: 130 | C76: €/und. | E76: =ROUND(D76-(D76*0.2),2) -> 0 | F76: 0 | G76: 0 | H76: =D76*F76 -> 0 | I76: =E76*G76 -> 0
A77: ALMACEN 300 X 100cm CON PUERTA (MOMAD METRO) | B77: 160 | C77: €/und. | E77: =ROUND(D77-(D77*0.2),2) -> 0 | F77: 0 | G77: 0 | H77: =D77*F77 -> 0 | I77: =E77*G77 -> 0
A78: ESPEJO EN PARED 100 x 70 (MOMAD METRO) | B78: 63.37 | C78: €/und. | E78: =ROUND(D78-(D78*0.2),2) -> 0 | F78: 12 | G78: 0 | H78: =D78*F78 -> 0 | I78: =E78*G78 -> 0
A79: MURO MOMAD MELAMINADO (MOMAD METRO) | B79: 30 | C79: €/ml. | E79: =ROUND(D79-(D79*0.2),2) -> 0 | F79: 0 | G79: 0 | H79: =D79*F79 -> 0 | I79: =E79*G79 -> 0
A80: MURO MODAD ACRISTALADO (MOMAD METRO) | B80: 45 | C80: €/ml. | E80: =ROUND(D80-(D80*0.2),2) -> 0 | F80: 0 | G80: 0 | H80: =D80*F80 -> 0 | I80: =E80*G80 -> 0
A81: PUERTA MOMAD (MOMAD METRO) | B81: 73 | C81: €/und. | E81: =ROUND(D81-(D81*0.2),2) -> 0 | F81: 0 | G81: 0 | H81: =D81*F81 -> 0 | I81: =E81*G81 -> 0
... A104: TORRE CON 3 FOCOS LED (MOMAD METROPOLIS) | B104: 166.26 | C104: €/Und. | E104: =ROUND(D104-(D104*0.2),2) -> 0 | F104: 0 | G104: 0 | H104: =D104*F104 -> 0 | I104: =E104*G104 -> 0
A105: TOTALES COMPLEMENTOS EXPOSITOR+IFEMA | H105: =SUM(H6:H104) -> 0 | I105: =SUM(I6:I104) -> 0
H106: (4) | I106: (5)
A107: (*) El ofertante deberá consignar el precio unitario ofertado para expositores en aquellos materiales cuya destino puede ser para expositores o para IFEMA. En caso del uso para IFEMA, el precio ofertado para expositores se aplicará un descuento de un 20 %
A109: El ofertante únicamente deberá cumplimentar las celdas de precios unitarios con fondo AZUL.

Sheet PROYECTOS
A1: ANEXO IX -B- LOTE 3
A2: PROYECTOS DE DISEÑO FERIAL
B4: Nº DE EDICIONES ESTIMADAS (A) | C4: Precio unitario máximo montaje IVA EXCLUIDO | D4: Precio unitario ofertado montaje IVA EXCLUIDO (B) | E4: Subtotal ofertado montaje IVA EXCLUIDO (A) X (B)
A6: TRAFFIC | B6: 1 | C6: 2868.64 | E6: =D6*B6 -> 0
A7: ORGANIC FOOD | B7: 3 | C7: 24314.8 | E7: =D7*B7 -> 0
A8: DIGICOM | B8: 2 | C8: 3394.3 | E8: =D8*B8 -> 0
A9: ALMONEDA | B9: 3 | C9: 2282.16 | E9: =D9*B9 -> 0
A10: FERIARTE | B10: 2 | C10: 13973.96 | E10: =D10*B10 -> 0
A11: ALMONEDA NAVIDAD | B11: 2 | C11: 3820.81 | E11: =D11*B11 -> 0
A12: JUVENALIA | B12: 2 | C12: 8239.31 | E12: =D12*B12 -> 0
A13: ESPORT DREAMHACK | B13: 2 | C13: 52700.76 | E13: =D13*B13 -> 0
A14: MOMAD 1ª ED. | B14: 2 | C14: 18029.75 | E14: =D14*B14 -> 0
A15: MEAT ATTRACTION | B15: 1 | C15: 46574.6 | E15: =D15*B15 -> 0
A16: TECNOVA PISCINAS | B16: 1 | C16: 3041.71 | E16: =D16*B16 -> 0
A17: SEMANA DE LA EDUCACIÓN | B17: 2 | C17: 29827.71 | E17: =D17*B17 -> 0
... A22: 1001 MOMENTOS | B22: 1 | C22: 15953.77 | E22: =D22*B22 -> 0
A23: TOTAL PROYECTOS DISEÑO FERIAL IVA EXCLUIDO (6) | E23: =SUM(E6:E22) -> 0
A26: (cumplimentar las celdas en azul)

Sheet TOTAL 
A1: ANEXO IX B LOTE 3
A2: TOTAL OFERTA
B5: ESTIMACIÓN M2 (a) | C5: PRESUPUESTO UNITARIO MAX (EUR / M2) IVA EXCLUIDO | D5: PARTIDAS | E5: PRECIOS UNITARIOS OFERTADO POR PARTIDAS €/M2 | F5: PRECIO UNITARIO TOTAL OFERTADO (sumatorio de precios unitarios por partidas) €/M2 OFERTADO IVA EXCLUIDO (b) | G5: TOTAL (a) x (b)
A6: Almonedista | B6: =7021+2388 -> 9409 | C6: 17.52 | D6: ESTRUCTURA | F6: =SUM(E6:E9) -> 0 | G6: =F6*B6 -> 0
D7: INSTALACIÓN ELÉCTRICA
D8: ROTULACIÓN
D9: PAVIMENTACIÓN
A10: Feriarte | B10: 9134 | C10: 31.25 | D10: ESTRUCTURA | F10: =SUM(E10:E13) -> 0 | G10: =F10*B10 -> 0
D11: INSTALACIÓN ELÉCTRICA
D12: ROTULACIÓN
D13: PAVIMENTACIÓN
A14: Galeria Almoneda | B14: =3997+3245 -> 7242 | C14: 19.08 | D14: ESTRUCTURA | F14: =SUM(E14:E17) -> 0 | G14: =F14*B14 -> 0
D15: INSTALACIÓN ELÉCTRICA
D16: ROTULACIÓN
D17: PAVIMENTACIÓN
A18: Media Hub | B18: 500 | C18: 37.95 | D18: ESTRUCTURA | F18: =SUM(E18:E21) -> 0 | G18: =F18*B18 -> 0
D19: INSTALACIÓN ELÉCTRICA
D20: ROTULACIÓN
D21: PAVIMENTACIÓN
A22: Modelo Equipos | B22: 309 | C22: 84.5 | D22: ESTRUCTURA | F22: =SUM(E22:E25) -> 0 | G22: =F22*B22 -> 0
D23: INSTALACIÓN ELÉCTRICA
D24: ROTULACIÓN
D25: PAVIMENTACIÓN
A26: Modelo Predecorado | B26: 180 | C26: 68 | D26: ESTRUCTURA | F26: =SUM(E26:E29) -> 0 | G26: =F26*B26 -> 0
D27: INSTALACIÓN ELÉCTRICA
D28: ROTULACIÓN
D29: PAVIMENTACIÓN
A30: Modular B | B30: 1650 | C30: 14.95 | D30: ESTRUCTURA | F30: =SUM(E30:E33) -> 0 | G30: =F30*B30 -> 0
D31: INSTALACIÓN ELÉCTRICA
D32: ROTULACIÓN
D33: PAVIMENTACIÓN
A34: Modular D | B34: 20906 | C34: 20.4 | D34: ESTRUCTURA | F34: =SUM(E34:E37) -> 0 | G34: =F34*B34 -> 0
D35: INSTALACIÓN ELÉCTRICA
D36: ROTULACIÓN
D37: PAVIMENTACIÓN
A38: Nuts Hub | B38: 72 | C38: 86.72 | D38: ESTRUCTURA | F38: =SUM(E38:E41) -> 0 | G38: =F38*B38 -> 0
D39: INSTALACIÓN ELÉCTRICA
D40: ROTULACIÓN
D41: PAVIMENTACIÓN
A42: Organic Hub | B42: 192 | C42: 86.72 | D42: ESTRUCTURA | F42: =SUM(E42:E45) -> 0 | G42: =F42*B42 -> 0
D43: INSTALACIÓN ELÉCTRICA
D44: ROTULACIÓN
D45: PAVIMENTACIÓN
A46: Premium Ind. Auxiliar | B46: 3600 | C46: 50 | D46: ESTRUCTURA | F46: =SUM(E46:E49) -> 0 | G46: =F46*B46 -> 0
D47: INSTALACIÓN ELÉCTRICA
D48: ROTULACIÓN
D49: PAVIMENTACIÓN
A50: Smart Agro | B50: 100 | C50: 86.72 | D50: ESTRUCTURA | F50: =SUM(E50:E53) -> 0 | G50: =F50*B50 -> 0
D51: INSTALACIÓN ELÉCTRICA
D52: ROTULACIÓN
D53: PAVIMENTACIÓN
A54: Star UP Organic Food | B54: 36 | C54: 53.1 | D54: ESTRUCTURA | F54: =SUM(E54:E57) -> 0 | G54: =F54*B54 -> 0
D55: INSTALACIÓN ELÉCTRICA
D56: ROTULACIÓN
D57: PAVIMENTACIÓN
A58: General Boda con Baldas | B58: 2348 | C58: 33.1 | D58: ESTRUCTURA | F58: =SUM(E58:E61) -> 0 | G58: =F58*B58 -> 0
D59: INSTALACIÓN ELÉCTRICA
D60: ROTULACIÓN
D61: PAVIMENTACIÓN
A62: General Boda con Percheros | B62: 296 | C62: 33.1 | D62: ESTRUCTURA | F62: =SUM(E62:E65) -> 0 | G62: =F62*B62 -> 0
D63: INSTALACIÓN ELÉCTRICA
D64: ROTULACIÓN
D65: PAVIMENTACIÓN
A66: Modular C | B66: 790 | C66: 31.25 | D66: ESTRUCTURA | F66: =SUM(E66:E69) -> 0 | G66: =F66*B66 -> 0
D67: INSTALACIÓN ELÉCTRICA
D68: ROTULACIÓN
D69: PAVIMENTACIÓN
A70: Modular F | B70: 271 | C70: 9.91 | D70: ESTRUCTURA | F70: =SUM(E70:E73) -> 0 | G70: =F70*B70 -> 0
D71: INSTALACIÓN ELÉCTRICA
D72: ROTULACIÓN
D73: PAVIMENTACIÓN
A74: Momad 4.0 | B74: 126 | C74: 33.1 | D74: ESTRUCTURA | F74: =SUM(E74:E77) -> 0 | G74: =F74*B74 -> 0
D75: INSTALACIÓN ELÉCTRICA
D76: ROTULACIÓN
D77: PAVIMENTACIÓN
A78: Momad Metropolis con Baldas | B78: 2526 | C78: 33.1 | D78: ESTRUCTURA | F78: =SUM(E78:E81) -> 0 | G78: =F78*B78 -> 0
D79: INSTALACIÓN ELÉCTRICA
D80: ROTULACIÓN
D81: PAVIMENTACIÓN
A82: Momad Metropolis con Percheros | B82: 8311 | C82: 33.1 | D82: ESTRUCTURA | F82: =SUM(E82:E85) -> 0 | G82: =F82*B82 -> 0
D83: INSTALACIÓN ELÉCTRICA
D84: ROTULACIÓN
D85: PAVIMENTACIÓN
A86: Momad Metropolis Metro | B86: 650 | C86: 11.5 | D86: ESTRUCTURA | F86: =SUM(E86:E89) -> 0 | G86: =F86*B86 -> 0
D87: INSTALACIÓN ELÉCTRICA
D88: ROTULACIÓN
D89: PAVIMENTACIÓN
A90: Momad Sostenible | B90: 168 | C90: 33.1 | D90: ESTRUCTURA | F90: =SUM(E90:E93) -> 0 | G90: =F90*B90 -> 0
D91: INSTALACIÓN ELÉCTRICA
D92: ROTULACIÓN
D93: PAVIMENTACIÓN
A94: Premium Meat Attraction | B94: 1000 | C94: 50 | D94: ESTRUCTURA | F94: =SUM(E94:E97) -> 0 | G94: =F94*B94 -> 0
D95: INSTALACIÓN ELÉCTRICA
D96: ROTULACIÓN
D97: PAVIMENTACIÓN
A98: Universidades | B98: 1854 | C98: 44.32 | D98: ESTRUCTURA | F98: =SUM(E98:E101) -> 0 | G98: =F98*B98 -> 0
D99: INSTALACIÓN ELÉCTRICA
D100: ROTULACIÓN
D101: PAVIMENTACIÓN
A102: Flowers & Garden | B102: 220 | C102: 24.5 | D102: ESTRUCTURA | F102: =SUM(E102:E105) -> 0 | G102: =F102*B102 -> 0
...
